 Dungeon Crawl Stone Soup version 0.20-a0-151-g755e310 (webtiles) character file.

9802 KristoblXynda the Covert (level 11, 0/66 HPs)
             Began as a Grey Draconian Enchanter on Nov 22, 2016.
             Was an Elder of Dithmenos.
             Slain by a yak (6 damage)
             ... on level 11 of the Dungeon.
             The game lasted 00:35:16 (12617 turns).

KristoblXynda the Covert (DrEn)                    Turns: 12617, Time: 00:35:16

Health: 0/66       AC: 14    Str: 10    XL:     11   Next: 27%
Magic:  19/19      EV: 15    Int: 18    God:    Dithmenos [****..]
Gold:   561        SH:  0    Dex: 11    Spells: 13/21 levels left

rFire  . . .     SeeInvis .     y - +5 short sword
rCold  . . .     Gourm    .     (armour unavailable)
rNeg   . . .     Faith    .     (no shield)
rPois  +         Spirit   .     (helmet restricted)
rElec  .         Reflect  .     f - +0 cloak
rCorr  .         Harm     .     (no gloves)
MR     .....                    t - +0 pair of boots
Stlth  ++........               (no amulet)
                                F - +1 ring of evasion
                                D - ring of wizardry

@: confused, wreathed by umbra, drained
A: walk through water, unfitting armour, horns 1, talons 1, dopey 1, frail 1,
poison resistance, regeneration 1, unbreathing, no device heal 1, cold-blooded,
subdued magic 1, AC +12
a: Shadow Step, Renounce Religion


You were on level 11 of the Dungeon.
You worshipped Dithmenos.
Dithmenos was greatly pleased with you.
You were hungry.

You visited 2 branches of the dungeon, and saw 12 of its levels.

You collected 561 gold pieces.

Inventory:

Hand Weapons
 g - a +2 whip of pain
 j - the +5 scythe "Finisher" {speed, Str+3}
   (You found it on level 7 of the Dungeon)

   Attacks with this weapon are significantly faster.
   It affects your strength (+3).
 y - a +5 short sword (weapon)
Armour
 f - a +0 cloak (worn)
 t - a +0 pair of boots (worn)
Jewellery
 D - a ring of wizardry (left hand)
 F - a +1 ring of evasion (right hand)
Wands
 x - a wand of confusion (25/48)
 B - a wand of iceblast (5/15)
 E - a wand of digging (17/24)
Scrolls
 i - a scroll of fear
 n - a scroll of magic mapping
 p - a scroll of recharging
 q - 2 scrolls of remove curse
 r - 3 scrolls of amnesia
Potions
 h - a potion of flight
 k - 2 potions of agility
 l - 3 potions of haste
 o - a potion of resistance {unknown}
 s - a potion of degeneration {unknown}
 u - a potion of brilliance
 w - a potion of lignification
 H - a potion of curing
 I - a potion of berserk rage {unknown}
Books
 b - a book of Maledictions

   Spells                             Type                      Level
   a - Corona                         Hexes                        1
   b - Ensorcelled Hibernation        Hexes/Ice                    2
   c - Confuse                        Hexes                        3
   d - Tukima's Dance                 Hexes                        3
   e - Dazzling Spray                 Conjuration/Hexes            3
 e - a book of Annihilations

   Spells                             Type                      Level
   a - Poison Arrow                   Conjuration/Poison           6
   b - Chain Lightning                Conjuration/Air              8
   c - Lehudib's Crystal Spear        Conjuration/Earth            8
   d - Glaciate                       Conjuration/Ice              9
   e - Fire Storm                     Conjuration/Fire             9
 v - a book of Cantrips

   Spells                             Type                      Level
   a - Confusing Touch                Hexes                        1
   b - Animate Skeleton               Necromancy                   1
   c - Summon Small Mammal            Summoning                    1
   d - Apportation                    Translocation                1
 C - a book of Misfortune

   Spells                             Type                      Level
   a - Confusing Touch                Hexes                        1
   b - Confuse                        Hexes                        3
   c - Gell's Gravitas                Hexes/Translocation          3
   d - Petrify                        Transmutation/Earth          4
   e - Metabolic Englaciation         Hexes/Ice                    5
   f - Yara's Violent Unravelling     Hexes/Transmutation          5
 G - a book of Necromancy

   Spells                             Type                      Level
   a - Pain                           Necromancy                   1
   b - Animate Skeleton               Necromancy                   1
   c - Vampiric Draining              Necromancy                   3
   d - Regeneration                   Charms/Necromancy            3
   e - Animate Dead                   Necromancy                   4
   f - Control Undead                 Necromancy                   4
Comestibles
 c - 8 bread rations
 d - 6 meat rations
 m - 16 fruits
 z - 5 slices of pizza


   Skills:
 - Level 4.0(3.4) Short Blades
 - Level 5.2(4.5) Dodging
 + Level 10.5(9.8) Stealth
 - Level 5.5(4.9) Spellcasting
 - Level 3.2(2.6) Conjurations
 + Level 8.7(8.0) Hexes
 - Level 4.0(3.4) Invocations
 + Level 5.1(4.4) Evocations


You had 13 spell levels left.
You knew the following spells:

 Your Spells              Type           Power        Failure   Level  Hunger
a - Dazzling Spray        Conj/Hex       ###...       1%          3    ###....
b - Ensorcelled Hibernat  Hex/Ice        ##....       1%          2    #......
c - Confuse               Hex            ####....     1%          3    ###....


Dungeon Overview and Level Annotations

Branches:
Dungeon (11/15)            Temple (1/1) D:4
   Lair: D:8-11         Orc: D:9-12

Altars:
Ashenzari
Cheibriados
Dithmenos
Elyvilon
Fedhas
Gozag
Hepliaklqana
Kikubaaqudgha
Makhleb
Nemelex Xobeh
Okawaru
Qazlal
Ru
Sif Muna
Trog
Uskayaw
Vehumet
Xom
Yredelemnul
Zin
The Shining One


Innate Abilities, Weirdness & Mutations

You can walk through water.
Your dull iron-grey scales are very hard. (AC +12)
You cannot fit into any form of body armour.
You can survive without breathing.
You are cold-blooded and may be slowed by cold attacks.
You have a pair of small horns on your head.
You have sharp toenails.
You are dopey. (Int -2)
You are frail. (-10% HP)
Your system is resistant to poisons. (rPois)
Your natural rate of healing is unusually fast.
Potions and wands are less effective at restoring your health.
Your spells are a little easier to cast, but a little less powerful.


Message History

The yak seems less confused.
The yak closely misses you. The yak gores you but does no damage.
The yak closely misses you.
You're too confused to move!
The yak closely misses you. The yak gores you. The yak closely misses you.
You hit the yak but do no damage.
The yak is moderately wounded.
The yak gores you but does no damage. The yak closely misses you.
The yak barely misses you.
You closely miss the yak.
You tail-slap the yak, but do no damage.
The yak is heavily wounded.
The yak gores you!
* * * LOW HITPOINT WARNING * * *
The yak gores you.
* * * LOW HITPOINT WARNING * * *
The yak gores you!
* * * LOW HITPOINT WARNING * * *
The yak closely misses you. The yak gores you.
You die...

##....## ##....##.
##......###..$.##..
#.............##...
#...###.............
#..# ##...........#
#. ##Y<.......#
##..Y....##
#.YYY....##
#..@......#
#...........
##....#..#..
#......#.# .
......).#..#
#......... ##
#...........
..........#..


You could see 5 yaks.

Vanquished Creatures
  A hydra (D:8)
  An unseen horror (D:10)
  A hill giant (D:10)
  3 trolls (D:10)
  Grinder (D:4)
  2 dream sheep (D:8)
  A hippogriff (D:7)
  Sigmund (D:6)
  4 wraiths (D:7)
  4 hungry ghosts
  A wyvern (D:9)
  6 yaks
  2 humans (D:8)
  The ghost of anet the Bolt Thrower, an amateur KoHu (D:4)
  Menkaure (D:4)
  A water moccasin (D:6)
  Duvessa (D:4)
  3 orc warriors
  An ice beast (D:9)
  A sky beast (D:10)
  2 phantoms
  3 ogres
  2 centaurs
  4 big kobolds (D:8)
  4 bullfrogs
  Blork the orc (D:6)
  A wyvern zombie (D:4)
  Dowan (D:4)
  2 scorpions
  A water moccasin skeleton (D:10)
  4 howler monkeys
  4 wights (D:6)
  4 crimson imps
  A centaur zombie (D:8)
  3 bullfrog zombies
  9 hounds
  2 centaur skeletons (D:4)
  2 jellies
  3 bullfrog skeletons (D:8)
  6 orc priests
  6 orc wizards
  An iguana (D:6)
  3 hell rats (D:10)
  6 worker ants
  3 worker ant zombies
  Robin (D:2)
  3 gnolls (D:6)
  A howler monkey skeleton (D:7)
  12 adders
  2 river rats
  2 shadow imps
  An ooze (D:2)
  3 adder zombies
  An adder skeleton (D:7)
  5 worms
  2 dart slugs
  10 leopard geckos
  40 orcs
  A ball python (D:3)
  10 bats
  4 giant cockroaches
  14 goblins
  5 hobgoblins (D:2)
  15 jackals
  3 quokkas
  7 frilled lizards
  A goblin skeleton (D:3)
  12 kobolds
  A kobold zombie (D:3)
  A leopard gecko skeleton (D:4)
  A quokka skeleton (D:7)
  A quokka zombie (D:6)
  6 rats
280 creatures vanquished.

Vanquished Creatures (collateral kills)
  A worker ant (D:8)
1 creature vanquished.

Vanquished Creatures (others)
  An ogre (D:3)
1 creature vanquished.

Grand Total: 282 creatures vanquished

Notes
Turn   | Place    | Note
-------+----------+-------------------------------------------
     0 | D:1      | KristoblXynda the Draconian Enchanter began the quest for the Orb.
     0 | D:1      | Reached XP level 1. HP: 14/14 MP: 3/3
   406 | D:1      | Reached XP level 2. HP: 20/20 MP: 5/5
   444 | D:1      | Reached skill level 3 in Stealth
   488 | D:1      | Learned a level 2 spell: Ensorcelled Hibernation
   719 | D:2      | Noticed Robin
  1055 | D:2      | Found a snail-covered altar of Cheibriados.
  1086 | D:2      | Reached XP level 3. HP: 11/26 MP: 0/6
  1139 | D:2      | Learned a level 3 spell: Confuse
  1530 | D:2      | Killed Robin
  1559 | D:2      | Reached XP level 4. HP: 28/33 MP: 6/8
  2165 | D:3      | Noticed an ogre
  2237 | D:3      | Gained mutation: You have a pair of small horns on your head. [potion of mutation]
  2237 | D:3      | Gained mutation: Your spells are a little easier to cast, but a little less powerful. [potion of mutation]
  2237 | D:3      | Gained mutation: Your muscles are strong. (Str +2) [potion of mutation]
  2403 | D:3      | Found a runed door.
  2403 | D:3      | Noticed a human
  2525 | D:3      | Found a basalt altar of Yredelemnul.
  2537 | D:3      | Killed an ogre
  2587 | D:3      | Reached XP level 5. HP: 28/38 MP: 5/9
  2951 | D:3      | Reached skill level 4 in Stealth
  3168 | D:3      | Found a shadowy altar of Dithmenos.
  3201 | D:3      | Found a hide-covered altar of Uskayaw.
  3683 | D:3      | You fall through a shaft!
  3686 | D:4      | Found a hazy altar of Hepliaklqana.
  3729 | D:4      | Learned a level 3 spell: Dazzling Spray
  3753 | D:4      | Reached XP level 6. HP: 40/45 MP: 7/11
  3927 | D:4      | Noticed Duvessa
  3953 | D:4      | Noticed Dowan
  3964 | D:4      | Noticed anet's ghost (amateur KoHu)
  3982 | D:4      | Killed Duvessa
  3995 | D:4      | Killed anet's ghost
  3995 | D:4      | Reached skill level 5 in Stealth
  3995 | D:4      | Your scales start taking on a dull iron-grey colour.
  3995 | D:4      | Reached XP level 7. HP: 16/50 MP: 6/13
  3995 | D:4      | Gained mutation: You can survive without breathing. [Grey Draconian growth]
  4053 | D:3      | Became a worshipper of Dithmenos the Shadowed
  4161 | D:4      | Noticed Grinder
  4198 | D:4      | Paralysed by Grinder for 6 turns
  4214 | D:4      | Killed Grinder
  4214 | D:4      | Reached skill level 5 in Hexes
  4223 | D:4      | Reached skill level 5 in Spellcasting
  4550 | D:4      | Found a white marble altar of Elyvilon.
  4560 | D:4      | Killed Dowan
  4704 | D:4      | Found a staircase to the Ecumenical Temple.
  4718 | Temple   | Entered the Ecumenical Temple
  5196 | D:5      | Entered Level 5 of the Dungeon
  5196 | D:5      | Noticed Menkaure
  5213 | D:4      | Killed Menkaure
  5213 | D:4      | Reached skill level 6 in Stealth
  5213 | D:4      | Reached XP level 8. HP: 55/57 MP: 7/16
  5473 | D:6      | Noticed Sigmund
  5493 | D:6      | Killed Sigmund
  5493 | D:6      | Reached skill level 1 in Invocations
  5587 | D:6      | Found a deep blue altar of Sif Muna.
  5742 | D:6      | Noticed Blork the orc
  5819 | D:6      | Reached * piety under Dithmenos
  6068 | D:6      | Reached skill level 7 in Stealth
  6257 | D:6      | Killed Blork the orc
  6284 | D:6      | Reached XP level 9. HP: 60/62 MP: 17/17
  6439 | D:6      | Reached ** piety under Dithmenos
  7557 | D:7      | Reached skill level 8 in Stealth
  8262 | D:7      | Reached skill level 1 in Conjurations
  8316 | D:7      | Found a deep blue altar of Sif Muna.
  8565 | D:8      | Reached *** piety under Dithmenos
  8565 | D:8      | Reached XP level 10. HP: 69/69 MP: 18/18
  8678 | D:8      | Found an iron altar of Okawaru.
  8890 | D:8      | Reached skill level 9 in Stealth
  9414 | D:8      | Found an iron altar of Okawaru.
  9506 | D:8      | Reached skill level 1 in Evocations
  9586 | D:8      | Noticed a two-headed hydra
  9845 | D:8      | Killed a two-headed hydra
 10176 | D:8      | Found a burning altar of Makhleb.
 10176 | D:8      | Noticed a cacodemon
 10275 | D:8      | Found a sacrificial altar of Ru.
 10700 | D:9      | Reached skill level 5 in Dodging
 10903 | D:9      | Reached skill level 10 in Stealth
 11175 | D:9      | Gained mutation: You are frail. (-10% HP) [potion of mutation]
 11175 | D:9      | Gained mutation: You have sharp toenails. [potion of mutation]
 11175 | D:9      | Gained mutation: You are dopey. (Int -2) [potion of mutation]
 11176 | D:9      | Gained mutation: Potions and wands are less effective at restoring your health. [potion of mutation]
 11177 | D:9      | Gained mutation: Your system is resistant to poisons. (rPois) [potion of mutation]
 11177 | D:9      | Gained mutation: Your natural rate of healing is unusually fast. [potion of mutation]
 11178 | D:9      | Lost mutation: Your muscles are strong. (Str +2) [potion of mutation]
 11215 | D:9      | Found an opulent altar of Gozag.
 11250 | D:9      | Reached XP level 11. HP: 66/66 MP: 19/19
 11344 | D:9      | Reached **** piety under Dithmenos
 11545 | D:9      | Found a basalt altar of Yredelemnul.
 11619 | D:10     | Entered Level 10 of the Dungeon
 11892 | D:10     | Killed an unseen horror
 12048 | D:10     | Noticed a death yak
 12055 | D:10     | Noticed a death yak
 12278 | D:10     | Noticed a hill giant
 12310 | D:10     | Killed a hill giant
 12316 | D:10     | Reached skill level 5 in Evocations
 12491 | D:10     | Noticed a death yak
 12617 | D:11     | Slain by a yak

Vault maps used:
D:1:      minmay_arrival_wavy_path
D:2:      first_bread, kennysheep_slug_shrine, uniq_robin
D:3:      nicolae_dithmenos_shadow_blocks, eat_drink_and_be_merry_uskayaw,
          dk_yredelemnul_ordeal
D:4:      lemuel_doored_altar, kennysheep_little_box, uniq_grinder, uniq_duvessa
D:5:      uniq_menkaure
D:6:      led_sif_pool, serial_undead, serial_undead_d, serial_undead_a,
          serial_undead_c, serial_undead_d, gup_sewer_entry_bowl, uniq_sigmund,
          uniq_blork_the_orc
D:7:      kennysheep_orc_sif_temple, minmay_guarded_unrand_finisher
D:8:      nicolae_ru_the_path_less_chosen, makhleb_altar_promises_db,
          nicolae_overflow_crystal_walls, hangedman_ranch, zaba_anthole,
          okawaru_humans
D:9:      lemuel_round_altar, grunt_gozag_statues
D:10:     dpeg_lair_monsters, basic_altar, minmay_misc_feat_more_columns
D:11:     david_orc_2, serial_shops, nicolae_shop_stone
Temple:   dpeg_chambers_temple

Skill      XL: |  1  2  3  4  5  6  7  8  9 10 11 |
---------------+----------------------------------+-----
Stealth        | 3 4 5 6 7 8 10 | 10.5
Hexes          | 3 4 5 6 8 |  8.7
Spellcasting   | 3 4 5 |  5.5
Invocations    | 3 4 |  4.0
Short Blades   | 4 |  4.0
Dodging        | 2 5 |  5.2
Conjurations   | 1 3 |  3.2
Evocations     | 4 5 |  5.1

Action                   |  1- 3 |  4- 6 |  7- 9 | 10-12 || total
-------------------------+-------+-------+-------+-------++-------
Melee: Dagger            |   129 |   291 |   404 |       ||   824
       Tailslap          |    13 |    25 |    59 |    40 ||   137
       Headbutt          |       |    22 |    93 |    59 ||   174
       Short sword       |       |       |   149 |   369 ||   518
       Kick              |       |       |       |     6 ||     6
 Cast: Ensorcelled Hiber |    14 |    22 |       |       ||    36
       Confuse           |       |    17 |    69 |    61 ||   147
Evoke: Wand              |       |       |       |    13 ||    13
  Use: Scroll            |     6 |     7 |     1 |    10 ||    24
       Potion            |       |     3 |     5 |     5 ||    13
 Stab: Sleeping          |     9 |    15 |    14 |    15 ||    53
       Confused          |       |     8 |    31 |    17 ||    56
  Eat: Chunk             |     3 |     8 |    13 |     8 ||    32
       Pizza             |       |     1 |       |     1 ||     2
       Fruit             |       |     1 |     6 |     5 ||    12
       Beef jerky        |       |       |     2 |     1 ||     3
Armor: Skin              |    43 |    62 |   187 |   113 ||   405
Dodge: Dodged            |    94 |   158 |   335 |   296 ||   883
